 Dungeon Crawl Stone Soup version 0.30-a0-187-gd9c2deaf24 (webtiles) character file.

Game seed: 16489571234363055251

5 plutoplutoso the Caller (level 1, 0/7 HPs)
             Began as a Felid Summoner on Oct 3, 2022.
             Killed from afar by a dart slug (6 damage)
             ... with a slug dart
             ... on level 1 of the Dungeon.
             The game lasted 00:02:26 (152 turns).

plutoplutoso the Caller (Felid Summoner)             Turns: 152, Time: 00:02:26

Health: 0/7        AC:  1    Str:  4    XL:     1   Next: 66%
Magic:  4/4        EV: 17    Int: 16    God:
Gold:   0          SH:  0    Dex: 16    Spells: 3/4 levels left
                                        Lives:  0   Deaths: 0

rFire   . . .      SeeInvis +    (weapon unavailable)
rCold   . . .      Faith    .    (shield unavailable)
rNeg    . . .      Spirit   .    (body armour unavailable)
rPois   .          Reflect  .    (helmet unavailable)
rElec   .          Harm     .    (cloak unavailable)
rCorr   .          Rampage  .    (gloves unavailable)
Will    .....                    (boots unavailable)
Stlth   ++........               (no amulet)
HPRegen 0.21/turn                (no ring)
MPRegen 0.09/turn                (no ring)

@: quick
A: very small, claws 1, fangs 3, see invisible, speed 1, shaggy fur 1, stealthy
paws, no weapons or thrown items, no armour, multi-lived
a: no special abilities


You were on level 1 of the Dungeon.
You visited 1 branch of the dungeon, and saw 1 of its levels.

Inventory:

Potions
 a - a potion of magic


   Skills:
 + Level 2.7 Dodging
 + Level 2.7 Stealth
 + Level 2.0 Spellcasting
 + Level 4.3 Summonings


You had 3 spell levels left.
You knew the following spells:

 Your Spells              Type           Power      Damage    Failure   Level
a - Summon Small Mammal   Summ           60%        N/A       3%          1

Your spell library contained the following spells:

 Spells                   Type           Power      Damage    Failure   Level
 Call Imp                 Summ           15%        N/A       5%          2
 Call Canine Familiar     Summ           15%        N/A       11%         3
 Summon Guardian Golem    Hex/Summ       8%         N/A       26%         3
 Summon Lightning Spire   Summ/Air       8%         N/A       65%         4


Dungeon Overview and Level Annotations

Branches:
Dungeon (1/15)

Altars:


Innate Abilities, Weirdness & Mutations

You have sharp claws.
You have razor-sharp teeth.
You have supernaturally acute eyesight. (SInv)
You cover ground quickly. (Speed+)
You are covered in fur. (AC +1)
Your paws help you pounce on unaware monsters.
You are incapable of wielding weapons or throwing items.
You cannot wear armour.
You gain extra lives every three experience levels.


Message History

The dart slug launches a dart at you. The slug dart hits you.
Ouch! That really hurt!
You scratch the dart slug.
You kill the dart slug!
Found a cyan potion.
You see here a dart slug corpse.
A ball python comes into view.
The ball python moves out of view.
A goblin comes into view. It is wielding a +0 club.
The ball python bites you. The ball python barely misses you.
A dart slug comes into view.
The goblin shouts!
The ball python closely misses you. The ball python completely misses you.
You scratch the ball python but do no damage.
The ball python barely misses you. x2
You scratch the ball python.
You kill the ball python!
The dart slug launches a dart at you. The slug dart misses you.
The dart slug launches a dart at you. The slug dart misses you.
Found a helmet.
The goblin completely misses you. The goblin closely misses you.
You scratch the goblin.
You kill the goblin!
The dart slug misses you.
Things that are here:
a +0 club; a goblin corpse The dart slug barely misses you.
Things that are here:
a +0 club; a goblin corpse You scratch the dart slug.
The dart slug is moderately wounded.
You scratch the dart slug.
The dart slug is heavily wounded.
The dart slug launches a dart at you. The slug dart hits you.
Ouch! That really hurt!
You die...

...#...##....
...#.........
#[......... #.......#
#### #......#######
.#.#. #......##....#
.##..
####......##....##.#..#
+.....@....+.......#..#
#####w..####....>..##..
#......!##......#.##<#
#........#........####
#...............### #
###...?.###.#.#.######
#.....# #..†#.......
#..........##.######
#####.....>##.#


You could see a dart slug.

Vanquished Creatures
  A dart slug (D:1)
  A ball python (D:1)
  A goblin (D:1)
3 creatures vanquished.

Notes
Turn   | Place    | Note
-------+----------+-------------------------------------------
     0 | D:1      | plutoplutoso the Felid Summoner began the quest for the
                  | Orb.
     0 | D:1      | Reached XP level 1. HP: 7/7 MP: 4/4
   152 | D:1      | Killed from afar by a dart slug

Illustrated notes

Levels and vault maps discovered:
D:1:      dpeg_arrival_round_a, layout_basic

Action                   || total
-------------------------++-------
Melee: Unarmed           ||    11
       Bite              ||     2
Dodge: Dodged            ||    14

Table legend: (Time is in decaauts)
 A = Elapsed time spent in this place.
 B = Non-inter-level travel time spent in this place.
 C = Inter-level travel time spent in this place.
 D = Time resting spent in this place.
 E = Time spent auto-exploring this place.
 F = Levels seen in this place.
 G = Mean time per level.
                   A        B        C        D        E       F      G
               +--------+--------+--------+--------+--------+-----+--------+
         Total |    124 |     32 |     92 |      0 |      0 |   1 |  124.0 |
       Dungeon |    124 |     32 |     92 |      0 |      0 |   1 |  124.0 |
               +--------+--------+--------+--------+--------+-----+--------+

Top non-repeatable levels by time:
     D:1: 124 daAuts
